[Event "Titled Tuesday Blitz May 16 Early 2023"]
[White "Veiga, Jose Francisco R P Neves"]
[Black "lluiss"]
[WhiteFideId "1930087"]
[WhiteElo "2320"]
[BlackElo "2294"]
[Result "1-0"]
[Round "01"]
[TimeControl "180+2"]
[Date "2023.05.16"]
[WhiteClock "0:00:32"]
[BlackClock "0:00:02"]

1. e4 c5 2. Nf3 d6 3. Bb5+ Nd7 4. O-O a6 5. Bd3 b5 6. c4 Bb7 7. Re1 Ngf6 8. cxb5 axb5 9. e5 c4 10. exf6 cxd3 11. fxe7 Bxe7 12. Qb3 Bxf3 13. gxf3 O-O 14. Qxd3 Ne5 15. Qd5 Bf6 16. d4 Ng6 17. Nc3 b4 18. Ne4 Ra5 19. Qxd6 Qxd6 20. Nxd6 Bxd4 21. Bd2 Rd5 22. Bxb4 Bxb2 23. Rad1 Rxd1 24. Rxd1 Rd8 25. Rb1 Be5 26. Ne4 Nh4 27. Be7 Nxf3+ 28. Kg2 Ra8 29. Kxf3 Bxh2 30. Bd6 f5 31. Ng3 Rxa2 32. Rb8+ Kf7 33. Rb7+ Ke6 34. Bf4 Bxg3 35. Kxg3 Ra3+ 36. f3 Kf6 37. Bc1 Rd3 38. Bb2+ Ke6 39. Rxg7 h5 40. Rh7 f4+ 41. Kxf4 Rd2 42. Bc3 Rc2 43. Rh6+ Kf7 44. Be5 h4 45. Rxh4 Rc4+ 46. Kg3 Rc5 47. f4 Rc3+ 48. Bxc3 1-0


[Site "https://www.chess.com"]

[Event "Titled Tuesday Blitz May 16 Early 2023"]
[White "Rodriguez Santiago, Jaime"]
[Black "Orlov, Georgi"]
[WhiteFideId "3100898"]
[BlackFideId "2011271"]
[WhiteElo "2025"]
[BlackElo "2604"]
[Result "0-1"]
[Round "01"]
[TimeControl "180+2"]
[Date "2023.05.16"]
[WhiteClock "0:00:09"]
[BlackClock "0:00:30"]

1. c4 Nc6 2. d4 Nf6 3. Nc3 e5 4. d5 Ne7 5. e4 Ng6 6. a3 Bc5 7. h3 c6 8. Nf3 d6 9. b4 Bb6 10. Bb2 O-O 11. g3 cxd5 12. cxd5 Bd7 13. Bg2 Rc8 14. O-O Qc7 15. Rc1 Qc4 16. Re1 Qc7 17. Na4 Bxa4 18. Qxa4 Qe7 19. Nd2 h5 20. Nc4 h4 21. Nxb6 axb6 22. Qb5 hxg3 23. fxg3 Nh5 24. Kh2 Qg5 25. Qd3 Ngf4 26. gxf4 Qxg2+ 27. Kxg2 Nxf4+ 28. Kf3 Nxd3 29. Rxc8 Rxc8 30. Re2 Nxb2 31. Rxb2 Rc3+ 32. Kg2 Rxa3 33. Rc2 Re3 34. Rc8+ Kh7 35. Rd8 Rxe4 36. Rxd6 Rxb4 37. Rd7 Kg6 38. Rxb7 Rd4 39. Rxb6+ Kf5 40. Rb7 f6 41. Rxg7 Rxd5 42. h4 Kf4 43. h5 Rd2+ 44. Kg1 e4 45. h6 Rd5 46. h7 Rh5 47. Kf2 f5 48. Kg2 Rh6 49. Ra7 Kg5 50. Kf2 Kg6 51. Ke3 Rxh7 52. Ra8 Rh3+ 53. Kf4 Rf3+ 54. Ke5 e3 55. Rg8+ Kh5 56. Kf6 Kh4 57. Re8 f4 58. Kf5 Rf2 59. Ke4 e2 60. Kf5 f3 61. Kf4 Kh3 62. Rh8+ Kg2 63. Rg8+ Kf1 0-1


[Site "https://www.chess.com"]

[Event "Titled Tuesday Blitz May 16 Early 2023"]
[White "Bartel, Michal"]
[Black "Buscar, Michael"]
[WhiteFideId "1119257"]
[BlackFideId "2603616"]
[WhiteElo "2282"]
[BlackElo "2010"]
[Result "1-0"]
[Round "01"]
[TimeControl "180+2"]
[Date "2023.05.16"]
[WhiteClock "0:01:43"]
[BlackClock "0:00:40"]

1. e4 c5 2. Ne2 Nc6 3. g3 Nf6 4. Bg2 d6 5. c3 g6 6. d4 cxd4 7. cxd4 Bg7 8. Nbc3 O-O 9. O-O Bd7 10. h3 Rc8 11. Be3 Na5 12. b3 b5 13. Qd2 a6 14. f4 Nc6 15. Rac1 Qa5 16. e5 Ne8 17. d5 Nb8 18. Bd4 Rd8 19. Qe3 Qa3 20. Rc2 e6 21. Nb1 Qb4 22. a3 1-0


[Site "https://www.chess.com"]

[Event "Titled Tuesday Blitz May 16 Early 2023"]
[White "Labussiere, Yago"]
[Black "Asavasaetakul, Chawit"]
[WhiteFideId "2186969"]
[BlackFideId "6204856"]
[WhiteElo "2160"]
[BlackElo "1919"]
[Result "1-0"]
[Round "01"]
[TimeControl "180+2"]
[Date "2023.05.16"]
[WhiteClock "0:00:26"]
[BlackClock "0:00:19"]

1. c4 c6 2. d4 d5 3. Nf3 Nf6 4. e3 Bf5 5. Nc3 e6 6. Nh4 Be4 7. f3 Bg6 8. Qb3 Qc7 9. g3 Be7 10. Nxg6 hxg6 11. Bd2 a6 12. c5 Nbd7 13. O-O-O e5 14. Na4 O-O-O 15. Bb4 exd4 16. exd4 Rde8 17. Bd3 Kb8 18. Qc3 Nf8 19. Ba5 Qc8 20. h4 Bd8 21. Bxd8 Qxd8 22. Nb6 N6d7 23. Nxd7+ Qxd7 24. Rhe1 Ne6 25. f4 Nc7 26. Qd2 Qg4 27. Qf2 Qd7 28. Re5 Re6 29. Rde1 Rhe8 30. Kd2 Qd8 31. b4 Qd7 32. R1e3 Rxe5 33. Rxe5 Ne6 34. f5 gxf5 35. Bxf5 g6 36. Bg4 f5 37. Bh3 Ng7 38. Qe3 Re6 39. g4 Rxe5 40. Qxe5+ Kc8 41. gxf5 gxf5 42. Ke3 Kd8 43. Kf4 Nh5+ 44. Kf3 Ng7 45. h5 Nxh5 46. Bxf5 Qf7 47. Qb8+ Ke7 48. Qxb7+ Kf6 49. Qxf7+ Kxf7 50. Bc8 Nf6 51. Bxa6 Ke7 52. Bb7 Kd7 53. Ba6 Ne4 54. Bd3 Nc3 55. a3 Nb5 56. Bxb5 cxb5 57. Kf4 Ke6 58. Kg5 Kf7 59. Kf5 Ke7 60. Ke5 1-0


[Site "https://www.chess.com"]

[Event "Titled Tuesday Blitz May 16 Early 2023"]
[White "Rosh Jain"]
[Black "Weishaeutel, Moritz"]
[WhiteFideId "25789465"]
[BlackFideId "12967300"]
[WhiteElo "2233"]
[BlackElo "2301"]
[Result "1-0"]
[Round "01"]
[TimeControl "180+2"]
[Date "2023.05.16"]
[WhiteClock "0:00:12"]
[BlackClock "0:00:08"]

1. e4 e5 2. Nf3 Nf6 3. Nxe5 Nc6 4. Nxc6 dxc6 5. Nc3 Bc5 6. Be2 h5 7. d3 Ng4 8. Bxg4 hxg4 9. Qe2 Bd4 10. Be3 Be5 11. d4 Bxd4 12. O-O-O Bxe3+ 13. Qxe3 Qe7 14. f4 Bd7 15. Kb1 b6 16. Rd2 O-O-O 17. g3 Be6 18. Rhd1 Rde8 19. e5 Bf5 20. Qf2 Qb4 21. Rd4 Qc5 22. Qe2 Kb7 23. Ra4 a5 24. Rad4 Rh6 25. Na4 Qb5 26. Qf2 Reh8 27. Nc3 Qc5 28. Na4 Qe7 29. R1d2 Qe6 30. Nc3 Rh3 31. Rd8 Rxd8 32. Rxd8 Qh6 33. Rd2 f6 34. Re2 fxe5 35. fxe5 Qh7 36. b3 Rh6 37. Kb2 Re6 38. Re3 g6 39. Ne2 Qh8 40. Qf4 Qxh2 41. Nd4 Re8 42. Nxf5 gxf5 43. Qxf5 Qd2 44. Qf4 a4 45. Rd3 Qxf4 46. gxf4 axb3 47. axb3 Rg8 48. Rg3 Kc8 49. f5 Kd7 50. Kc3 Rg5 51. Kd4 Rxf5 52. Rxg4 Rf7 53. Rg6 Rh7 54. Rf6 Ke7 55. Rf4 c5+ 56. Kd5 Kd7 57. e6+ Ke7 58. Rf7+ Rxf7 59. exf7 Kxf7 60. Kc6 Ke6 61. Kxc7 b5 62. Kc6 c4 63. Kxb5 cxb3 64. cxb3 Kd7 65. Ka6 Kc7 66. b4 Kb8 67. Kb6 Ka8 68. Kc7 Ka7 69. b5 Ka8 70. Kb6 Kb8 71. Ka6 Ka8 72. b6 Kb8 73. b7 Kc7 74. Ka7 1-0


[Site "https://www.chess.com"]

[Event "Titled Tuesday Blitz May 16 Early 2023"]
[White "Wadsworth, Matthew J"]
[Black "Semenenko, Dmytry"]
[WhiteFideId "415804"]
[BlackFideId "14118645"]
[WhiteElo "2347"]
[BlackElo "2113"]
[Result "1-0"]
[Round "01"]
[TimeControl "180+2"]
[Date "2023.05.16"]
[WhiteClock "0:00:52"]
[BlackClock "0:01:45"]

1. c4 c6 2. g3 d5 3. Nf3 Nf6 4. Bg2 g6 5. b3 Bg7 6. Bb2 O-O 7. O-O Qb6 8. Qc2 dxc4 9. bxc4 Bf5 10. d3 Rd8 11. Nc3 Nbd7 12. Rab1 Qc7 13. Nd4 e5 14. Nxf5 gxf5 15. Nd1 Nc5 16. Ne3 f4 17. gxf4 exf4 18. Nf5 Bh8 19. Nh6+ Kf8 20. Ba3 b6 21. Nf5 Ng4 22. Bf3 Ne5 23. d4 Nxf3+ 24. exf3 Bxd4 25. Nxd4 Rxd4 26. Qxh7 Qe5 27. Rfe1 Qg7+ 28. Qxg7+ Kxg7 29. Bb2 Rd8 30. Rbd1 Ne6 31. Rxe6 fxe6 32. Rxd4 1-0


[Site "https://www.chess.com"]

[Event "Titled Tuesday Blitz May 16 Early 2023"]
[White "Balint, Vilmos"]
[Black "vlajkovicS"]
[WhiteFideId "718050"]
[WhiteElo "2034"]
[BlackElo "2601"]
[Result "0-1"]
[Round "01"]
[TimeControl "180+2"]
[Date "2023.05.16"]
[WhiteClock "0:00:21"]
[BlackClock "0:01:49"]

1. e4 d6 2. d4 Nf6 3. f3 e5 4. dxe5 dxe5 5. Qxd8+ Kxd8 6. Bg5 Nd7 7. Nd2 h6 8. Be3 c6 9. O-O-O Ne8 10. Bc4 Nd6 11. Bb3 Kc7 12. Nc4 Nxc4 13. Bxc4 f6 14. Ne2 Nc5 15. b4 Na4 16. b5 Bd7 17. bxc6 bxc6 18. Bb3 Nc5 19. Ng3 a5 20. Rd2 a4 21. Bc4 Rb8 22. Rhd1 Bc8 23. Nf5 Nb7 24. Ba7 Ra8 25. Be3 Ba3+ 26. Kb1 Na5 27. Bb3 axb3 28. cxb3 g6 29. Ng3 Be6 0-1


[Site "https://www.chess.com"]

[Event "Titled Tuesday Blitz May 16 Early 2023"]
[White "Soham Kamotra"]
[Black "Klepikov, Nikita"]
[WhiteFideId "46647490"]
[BlackFideId "24145220"]
[WhiteElo "2209"]
[BlackElo "2025"]
[Result "1-0"]
[Round "01"]
[TimeControl "180+2"]
[Date "2023.05.16"]
[WhiteClock "0:00:13"]
[BlackClock "0:00:00"]

1. Nf3 Nf6 2. g3 g6 3. Bg2 Bg7 4. O-O O-O 5. c4 d6 6. Nc3 e5 7. d3 a5 8. Rb1 h6 9. a3 Nc6 10. b4 axb4 11. axb4 Be6 12. Bd2 Qd7 13. Re1 Bh3 14. Bh1 Ng4 15. Nd5 f5 16. e3 e4 17. Nh4 Nce5 18. d4 Nd3 19. Nxg6 Ngxf2 20. Qb3 Rf7 21. Re2 Bg4 22. Rxf2 Nxf2 23. Kxf2 Kh7 24. Ndf4 Rf6 25. Nh4 d5 26. Nxd5 Rfa6 27. Nf4 Ra2 28. Rb2 R8a3 29. Qxa2 Rxa2 30. Rxa2 b5 31. c5 c6 32. h3 Qf7 33. Ra6 Bd1 34. Bg2 Qc4 35. Bf1 Qc2 36. Ke1 Bf6 37. Nxf5 Bf3 38. Ra7+ Kg8 39. Be2 Qb1+ 40. Kf2 Qh1 41. Nxh6+ Kf8 42. Bxf3 Qxf3+ 43. Ke1 Qh1+ 44. Kf2 Qf3+ 45. Kg1 Qd1+ 46. Kh2 Qxd2+ 47. Ng2 Bg5 48. Nf5 Qxb4 49. Ra8+ Kf7 50. Nd6+ Ke6 51. Nxe4 Qc4 52. Nxg5+ Kf5 53. Nf3 Ke4 54. Ne5 Qe2 55. Rf8 b4 56. Rf4+ Kd5 57. Rf6 b3 58. Ng6 Ke4 59. Re6+ Kd3 60. Nf4+ 1-0


[Site "https://www.chess.com"]

[Event "Titled Tuesday Blitz May 16 Early 2023"]
[White "Sourath Biswas"]
[Black "MIM06"]
[WhiteFideId "35091484"]
[WhiteElo "2171"]
[BlackElo "2280"]
[Result "1-0"]
[Round "01"]
[TimeControl "180+2"]
[Date "2023.05.16"]
[WhiteClock "0:00:47"]
[BlackClock "0:00:44"]

1. d4 Nf6 2. Bf4 g6 3. Nc3 d5 4. e3 Bg7 5. Nf3 a6 6. Be2 O-O 7. O-O c5 8. dxc5 Nc6 9. Nd4 Qa5 10. Nb3 Qd8 11. Bf3 e5 12. Bg5 e4 13. Be2 Be6 14. Nd4 h6 15. Bh4 Qa5 16. Nxe6 fxe6 17. a3 Qxc5 18. Na4 Qa5 19. c4 Rad8 20. b4 Qc7 21. Bg3 Qf7 22. Qc2 d4 23. exd4 Nxd4 24. Qa2 Nh5 25. Bxh5 gxh5 26. Rad1 e5 27. Nc5 Rc8 28. Rfe1 b6 29. Nxe4 Qxc4 30. Qxc4+ Rxc4 31. h4 Rc2 32. Kh2 Nf5 33. Rd2 Rxd2 34. Nxd2 Nxg3 35. Kxg3 Rd8 36. Nf3 Rd3 37. Re3 Rxe3 38. fxe3 Kf7 39. Nd2 Ke6 40. e4 Bf8 41. Nc4 b5 42. Ne3 Kf6 43. Nd5+ Kf7 44. Nc7 Bd6 45. Nxa6 Ke6 46. Kf3 Kd7 47. Nc5+ Bxc5 48. bxc5 Kc6 49. g4 hxg4+ 50. Kxg4 Kxc5 51. Kf5 Kd4 52. h5 Kc4 53. Kxe5 Kb3 54. Kf6 Kxa3 55. e5 b4 56. e6 b3 57. e7 b2 58. e8=Q b1=Q 59. Qa8+ Kb2 60. Qb8+ Kc2 61. Qxb1+ Kxb1 62. Kg6 Kc2 63. Kxh6 Kd3 64. Kg7 Ke4 65. h6 Kd5 66. h7 Ke6 67. h8=Q 1-0


[Site "https://www.chess.com"]

[Event "Titled Tuesday Blitz May 16 Early 2023"]
[White "Rosenberg, Evan S"]
[Black "RobertDowneyJr0111"]
[WhiteFideId "2019299"]
[WhiteElo "2276"]
[BlackElo "2600"]
[Result "0-1"]
[Round "01"]
[TimeControl "180+2"]
[Date "2023.05.16"]
[WhiteClock "0:00:20"]
[BlackClock "0:00:20"]

1. d4 d5 2. Nf3 Nf6 3. c3 Bf5 4. Qb3 Qc8 5. c4 e6 6. cxd5 exd5 7. Nc3 Be7 8. Bf4 c6 9. Rc1 O-O 10. h3 Re8 11. e3 Nbd7 12. Be2 h6 13. O-O b6 14. Nb5 Qb7 15. Nc7 a5 16. Nxa8 Rxa8 17. a3 Ne4 18. Rfd1 a4 19. Qa2 g5 20. Bh2 b5 21. Ne5 Nxe5 22. Bxe5 f6 23. Bh2 Qd7 24. g4 Bg6 25. f3 Nd6 26. Bd3 f5 27. Qb1 Rf8 28. Rd2 Nc4 29. Bxc4 bxc4 30. Be5 Qe6 31. Qc2 fxg4 32. Qxa4 Rxf3 33. Rf2 Rxf2 34. Kxf2 gxh3 35. Qa8+ Bf8 36. Rf1 Bd3 37. Rh1 Qg4 38. Rg1 Qe2+ 39. Kg3 Qxe3+ 40. Kh2 Qf2+ 41. Kh1 Be4+ 0-1


[Site "https://www.chess.com"]

[Event "Titled Tuesday Blitz May 16 Early 2023"]
[White "Munkhgal, Gombosuren"]
[Black "Zaichenko, Daria"]
[WhiteFideId "4901266"]
[BlackFideId "4197453"]
[WhiteElo "2528"]
[BlackElo "2039"]
[Result "1-0"]
[Round "01"]
[TimeControl "180+2"]
[Date "2023.05.16"]
[WhiteClock "0:00:02"]
[BlackClock "0:00:00"]

1. d4 d5 2. Bf4 c6 3. e3 Bf5 4. c4 e6 5. Nc3 Nf6 6. Nf3 Be7 7. Qb3 Qc8 8. Rc1 dxc4 9. Bxc4 O-O 10. O-O Nbd7 11. h3 h6 12. Ne5 Nxe5 13. Bxe5 Qd7 14. Rfe1 Rad8 15. e4 Bg6 16. Rcd1 b5 17. Bf1 b4 18. Bxf6 Bxf6 19. Na4 Bxd4 20. Qxb4 e5 21. b3 Qe6 22. Rd3 f5 23. Rxd4 Rxd4 24. Bc4 Rxc4 25. Qxc4 Qxc4 26. bxc4 fxe4 27. Nc5 Rd8 28. Nb3 Rd3 29. c5 Rc3 30. Rd1 Rd3 31. Rc1 Bf7 32. Rb1 Rc3 33. Re1 Bxb3 34. axb3 Rxc5 35. Rxe4 Rb5 36. b4 Kf7 37. Rc4 Rb6 38. f3 Ke6 39. Kf2 Kd5 40. Rc5+ Kd4 41. Ra5 Rxb4 42. Rxa7 c5 43. Rxg7 c4 44. Rd7+ Kc3 45. Ke3 Kb2 46. Rd2+ Kc1 47. Rd5 c3 48. Rxe5 c2 49. Rc5 Rb3+ 50. Ke2 Rb6 51. f4 Re6+ 52. Kf3 Kd1 53. Rd5+ Ke1 54. Rc5 Kd2 55. g4 Re3+ 56. Kf2 Rc3 57. Rd5+ Rd3 58. Rc5 c1=Q 59. Rxc1 Kxc1 60. h4 1-0


[Site "https://www.chess.com"]

[Event "Titled Tuesday Blitz May 16 Early 2023"]
[White "Afanasieva, Alexandra"]
[Black "Raahul V S"]
[WhiteFideId "34126926"]
[BlackFideId "25035525"]
[WhiteElo "1745"]
[BlackElo "2190"]
[Result "0-1"]
[Round "01"]
[TimeControl "180+2"]
[Date "2023.05.16"]
[WhiteClock "0:00:06"]
[BlackClock "0:01:25"]

1. e4 e5 2. Nf3 Nc6 3. Bb5 g6 4. b3 Bg7 5. Bb2 Nge7 6. O-O O-O 7. Nc3 d6 8. Re1 h6 9. h3 Kh7 10. Bxc6 bxc6 11. Ne2 c5 12. c3 f5 13. exf5 Bxf5 14. d4 Bxh3 15. Ng5+ hxg5 16. gxh3 Nf5 17. Ng3 Nh4 18. Re3 Qf6 19. Ne4 Qf5 20. Qg4 Qxg4+ 21. hxg4 Rf4 22. f3 cxd4 23. cxd4 exd4 24. Rd3 Kh6 25. Rf1 Raf8 26. Bc1 Nxf3+ 27. Kh1 Rxe4 28. Rf2 Re1+ 29. Kg2 Nh4+ 30. Kg3 Be5+ 31. Kh3 Rh1+ 0-1


[Site "https://www.chess.com"]

[Event "Titled Tuesday Blitz May 16 Early 2023"]
[White "Sharapov, Evgeny"]
[Black "Goldin, Roman"]
[WhiteFideId "14103133"]
[BlackFideId "2803860"]
[WhiteElo "2367"]
[BlackElo "2312"]
[Result "0-1"]
[Round "01"]
[TimeControl "180+2"]
[Date "2023.05.16"]
[WhiteClock "0:00:37"]
[BlackClock "0:00:15"]

1. e4 e5 2. Nf3 Nc6 3. Bb5 a6 4. Ba4 Nf6 5. d3 d6 6. O-O Bg4 7. h3 Bh5 8. c3 Be7 9. Re1 Nd7 10. Nbd2 Nc5 11. Bc2 Ne6 12. Nf1 Bg5 13. Ng3 Bxf3 14. Qxf3 Bxc1 15. Raxc1 O-O 16. Rcd1 Ncd4 17. cxd4 Nxd4 18. Qg4 Nxc2 19. Rf1 Nd4 20. f4 g6 21. fxe5 dxe5 22. Nh5 f6 23. Rf2 Kh8 24. Ng3 Qe7 25. Rdf1 Rad8 26. Qh4 Rd6 27. Qh6 Qg7 28. Qe3 Ne6 29. Ne2 b6 30. h4 h5 31. g3 Kh7 32. Nc3 Nd4 33. Nd5 b5 34. Kg2 c6 35. Nc3 a5 36. Nb1 Rfd8 37. Nc3 Qe7 38. a3 a4 39. Na2 Kg7 40. Nb4 Qd7 41. Kh2 Qg4 42. Kg2 Nb3 43. Qc5 Nxc5 0-1


[Site "https://www.chess.com"]

[Event "Titled Tuesday Blitz May 16 Early 2023"]
[White "Sala, Giulia"]
[Black "Ismagilov, Damir"]
[WhiteFideId "2840451"]
[BlackFideId "34199982"]
[WhiteElo "1769"]
[BlackElo "2143"]
[Result "0-1"]
[Round "01"]
[TimeControl "180+2"]
[Date "2023.05.16"]
[WhiteClock "0:00:03"]
[BlackClock "0:00:09"]

1. e4 g6 2. e5 Bg7 3. d4 c5 4. Nf3 cxd4 5. Qxd4 Nc6 6. Qe4 Nxe5 7. Nxe5 Qa5+ 8. c3 Qxe5 9. Qxe5 Bxe5 10. Be3 b6 11. Na3 Bb7 12. O-O-O O-O-O 13. Nb5 Kb8 14. f4 Bg7 15. Bc4 d5 16. Be2 Nf6 17. Bf3 e6 18. Bd4 Ne8 19. Be3 Nd6 20. Nd4 Nf5 21. Bf2 Nxd4 22. Bxd4 Bxd4 23. Rxd4 Ba6 24. g4 Kc7 25. Re1 Rhe8 26. f5 Bb7 27. fxe6 fxe6 28. Rf4 e5 29. Ra4 a5 30. g5 Bc6 31. Rh4 Rd7 32. Bg4 Rf7 33. Bh3 Kd6 34. Bg2 Ree7 35. Re2 Rf4 36. Rxf4 exf4 37. Rf2 Rf7 38. Bh3 Bd7 39. Bg2 Ke5 40. Re2+ Kd6 41. Rf2 Rf5 42. h4 Rf7 43. Kd2 Kc5 44. b3 d4 45. c4 Bc6 46. Bh3 f3 47. Kd3 Rf4 48. Be6 Be4+ 49. Kd2 Rxh4 50. Bd5 Bxd5 51. cxd5 Rf4 52. Kd3 Kxd5 53. Rf1 f2 54. Ke2 Ke4 55. Kd2 d3 56. Rd1 f1=Q 0-1


[Site "https://www.chess.com"]

[Event "Titled Tuesday Blitz May 16 Early 2023"]
[White "Gold_Ocean"]
[Black "Jimenez Fernandez, Rebeca"]
[BlackFideId "32070934"]
[WhiteElo "2595"]
[BlackElo "2008"]
[Result "1-0"]
[Round "01"]
[TimeControl "180+2"]
[Date "2023.05.16"]
[WhiteClock "0:01:36"]
[BlackClock "0:00:15"]

1. Nf3 d5 2. c4 Nf6 3. cxd5 Nxd5 4. g3 c6 5. Bg2 g6 6. O-O Bg7 7. Nc3 O-O 8. a3 e5 9. d3 h6 10. Qc2 Be6 11. Bd2 Qd7 12. Ne4 Na6 13. Rfd1 Bh3 14. Bh1 f5 15. Nc3 e4 16. dxe4 fxe4 17. Nxe4 Qf5 18. Rac1 Rae8 19. Nc3 Nxc3 20. Bxc3 Bxc3 21. bxc3 Qc5 22. Bg2 Bxg2 23. Kxg2 Rf6 24. Rd4 Nc7 25. Rcd1 Nd5 26. c4 Nb6 27. Rf4 Rxf4 28. Qxg6+ Kh8 29. Qxh6+ Kg8 30. Qg6+ Kh8 31. Qxe8+ Rf8 32. Qe5+ Kg8 33. Qxc5 1-0


[Site "https://www.chess.com"]

[Event "Titled Tuesday Blitz May 16 Early 2023"]
[White "Lesbekova, Assel"]
[Black "Jakubowski, Krzysztof"]
[WhiteFideId "13713248"]
[BlackFideId "1112848"]
[WhiteElo "1805"]
[BlackElo "2359"]
[Result "0-1"]
[Round "01"]
[TimeControl "180+2"]
[Date "2023.05.16"]
[WhiteClock "0:00:01"]
[BlackClock "0:00:37"]

1. e4 c5 2. Nf3 e6 3. c4 Nc6 4. d4 cxd4 5. Nxd4 Nf6 6. Nc3 Bb4 7. Nxc6 bxc6 8. e5 Ne4 9. Qd3 Qa5 10. Bd2 Nxd2 11. Qxd2 Qxe5+ 12. Be2 d5 13. cxd5 cxd5 14. a3 Bd6 15. Nb5 Bb8 16. g3 O-O 17. O-O a6 18. Nd4 Bd7 19. Rac1 Qd6 20. Nb3 Ba7 21. Rc2 Rab8 22. Na5 Rfc8 23. Rfc1 g6 24. Rxc8+ Rxc8 25. Rxc8+ Bxc8 26. Qc3 Bd7 27. b4 Qb6 28. Qf6 Bb5 29. Bxb5 axb5 30. Nb3 Qc7 31. Kg2 h5 32. h4 Qc2 33. Qd8+ Kg7 34. Nc5 Bxc5 35. bxc5 Qxc5 36. Qb8 d4 37. Qf4 d3 38. Kh2 Qd5 39. Qd2 e5 40. Qc3 Kh7 41. Qd2 e4 42. Kh3 Qf5+ 43. Kg2 Qf3+ 44. Kh2 Qe2 45. Qb4 Qxf2+ 46. Kh3 d2 47. Qf8 Qf5+ 48. Kh2 d1=Q 0-1


[Site "https://www.chess.com"]

[Event "Titled Tuesday Blitz May 16 Early 2023"]
[White "Novik, Maxim"]
[Black "Garrido, Denis"]
[WhiteFideId "4102924"]
[BlackFideId "601217"]
[WhiteElo "2287"]
[BlackElo "2256"]
[Result "1-0"]
[Round "01"]
[TimeControl "180+2"]
[Date "2023.05.16"]
[WhiteClock "0:01:35"]
[BlackClock "0:00:41"]

1. d4 Nf6 2. c4 e6 3. Nc3 Bb4 4. e3 O-O 5. Bd3 c5 6. Ne2 d5 7. a3 cxd4 8. exd4 dxc4 9. Bxc4 Be7 10. O-O b6 11. Bf4 Bb7 12. Qd3 Nc6 13. Rad1 Rc8 14. Ba2 g6 15. Rfe1 Re8 16. h3 Nd5 17. Nxd5 exd5 18. Be5 Bf6 19. Bxf6 Qxf6 20. Bxd5 Rcd8 21. Qf3 Qg7 22. Bxc6 1-0


[Site "https://www.chess.com"]

[Event "Titled Tuesday Blitz May 16 Early 2023"]
[White "Jiganchine, Roman"]
[Black "Colbow, Collin"]
[WhiteFideId "2603667"]
[BlackFideId "16201132"]
[WhiteElo "2254"]
[BlackElo "2351"]
[Result "1/2-1/2"]
[Round "01"]
[TimeControl "180+2"]
[Date "2023.05.16"]
[WhiteClock "0:00:05"]
[BlackClock "0:00:05"]

1. e4 d5 2. exd5 Qxd5 3. Nc3 Qd8 4. Bc4 Nf6 5. d3 c6 6. Nge2 Bg4 7. f3 Bf5 8. g4 Bg6 9. Nf4 e6 10. h4 e5 11. h5 exf4 12. hxg6 fxg6 13. Bxf4 Bd6 14. Qd2 Bxf4 15. Qxf4 Nbd7 16. O-O-O Qb8 17. Rde1+ Kd8 18. Qg5 b5 19. Bb3 a5 20. a4 b4 21. Nb1 Qd6 22. Re6 Qc5 23. Qxc5 Nxc5 24. Rxc6 Nxb3+ 25. cxb3 Kd7 26. Rc4 Rhe8 27. Nd2 Nd5 28. Ne4 h6 29. Kd2 Ke6 30. Rc6+ Kf7 31. Rhc1 Re7 32. R1c5 Nf4 33. Nd6+ Kg8 34. Ne4 Rd8 35. Rd6 Rxd6 36. Nxd6 Rd7 37. Rc6 Kf8 38. Ke3 Ke7 39. Nc8+ Kd8 40. Kxf4 Rxd3 41. Rc4 Rxb3 42. Nd6 Rxb2 43. Nb7+ Kd7 44. Nxa5 b3 45. Rb4 Ra2 46. Nxb3 Ke6 47. Kg3 g5 48. Nc5+ Kd5 49. Ne4 Ra3 50. Rb7 Rxa4 51. Rxg7 Ra6 52. Rh7 Ke5 53. Re7+ Kd4 54. Re8 Kd3 55. Rf8 Ke3 56. Rf6 Ra2 57. Nd6 Ra1 58. Nf7 Rg1+ 59. Kh2 Kf2 60. Nxh6 Rg2+ 61. Kh3 Rg3+ 62. Kh2 Rg2+ 63. Kh3 Rg3+ 64. Kh2 Rg2+ 1/2-1/2


[Site "https://www.chess.com"]

[Event "Titled Tuesday Blitz May 16 Early 2023"]
[White "Bodnaruk, Anastasia"]
[Black "rikchessmx"]
[WhiteFideId "4181751"]
[WhiteElo "2304"]
[BlackElo "2254"]
[Result "1-0"]
[Round "01"]
[TimeControl "180+2"]
[Date "2023.05.16"]
[WhiteClock "0:00:03"]
[BlackClock "0:00:00"]

1. e4 c5 2. Nc3 g6 3. Nge2 Bg7 4. d4 cxd4 5. Nxd4 Nc6 6. Be3 Nf6 7. Bc4 Qa5 8. f3 d6 9. O-O Bd7 10. Qd2 O-O 11. Nxc6 Bxc6 12. Nd5 Qd8 13. Bb3 Nxd5 14. exd5 Bd7 15. Rae1 Bxb2 16. c3 Ba3 17. Kh1 Bc5 18. Bh6 Re8 19. Qf4 a5 20. a4 b5 21. h4 bxa4 22. Ba2 Rb8 23. Re2 a3 24. h5 Rb2 25. Rfe1 Rxe2 26. Rxe2 a4 27. hxg6 hxg6 28. Bg5 f6 29. Bh6 Kf7 30. g4 Rh8 31. Kg2 Rh7 32. g5 f5 33. Qc4 Qb6 34. Qd3 Bb5 35. c4 Bd7 36. Qc3 Kg8 37. Qc2 Bd4 38. Qd3 Be5 39. Rc2 Qc5 40. Qe2 f4 41. Rc1 Bf5 42. Rd1 Qb4 43. Qd2 Qxd2+ 44. Rxd2 Bc3 45. Rd1 Bb2 46. c5 Bc2 47. c6 Kf7 48. Rd2 Bb3 49. Bb1 Rh8 50. Re2 Rc8 51. Re4 a2 52. Bxa2 Bxa2 53. Rxf4+ Kg8 54. c7 a3 55. Rf8+ Rxf8 56. Bxf8 Bxd5 57. c8=Q a2 58. Bh6+ Kf7 59. Qf8+ Ke6 60. Qg8+ Ke5 61. Qg7+ Kf5 62. Qxb2 e5 63. Qc2+ e4 64. Qb2 exf3+ 65. Kf2 Kg4 66. Bg7 Be4 67. Bd4 Bd5 68. Qd2 Kf5 69. Qe3 1-0


[Site "https://www.chess.com"]

[Event "Titled Tuesday Blitz May 16 Early 2023"]
[White "Jodorcovsky Werjivker, Paulo"]
[Black "SashaKuzhilniy"]
[WhiteFideId "3700305"]
[WhiteElo "2120"]
[BlackElo "2589"]
[Result "1-0"]
[Round "01"]
[TimeControl "180+2"]
[Date "2023.05.16"]
[WhiteClock "0:00:28"]
[BlackClock "0:00:09"]

1. e4 d5 2. exd5 Qxd5 3. Nf3 Bg4 4. Be2 Nc6 5. d4 O-O-O 6. Be3 e5 7. dxe5 Qa5+ 8. Nbd2 Bxf3 9. Bxf3 Nxe5 10. O-O Nxf3+ 11. Qxf3 Nf6 12. c3 Qd5 13. Qh3+ Qd7 14. Qh4 Be7 15. Qc4 Bd6 16. Nf3 a6 17. Qd4 Ng4 18. Qa7 Qc6 19. Rfd1 Nxe3 20. Qa8+ Kd7 21. Ne5+ Ke6 22. Nxc6 Rxa8 23. Nd4+ Kd7 24. fxe3 g6 25. e4 Rhe8 26. Re1 Re7 27. Re2 Rae8 28. Rae1 Bc5 29. g4 Re5 30. Kf1 h5 31. Nf3 hxg4 32. Nxe5+ Rxe5 33. Kg2 Ke6 34. Kg3 Rg5 35. Kf4 Be7 36. e5 Rf5+ 37. Kxg4 Bc5 38. b4 Bb6 39. h4 Rh5 40. c4 c6 41. c5 Bc7 42. a4 Rf5 43. Re4 Rh5 44. Rd4 Bxe5 45. Rd8 f6 46. Rb8 Rh7 47. Rg8 Kf7 48. Rc8 Ke6 49. Rd1 f5+ 50. Kg5 Rh5+ 51. Kxg6 Rxh4 52. Re8# 1-0


[Site "https://www.chess.com"]

[Event "Titled Tuesday Blitz May 16 Early 2023"]
[White "Pacan-Milej, Kosma"]
[Black "Antonio, Jorge Carlos"]
[WhiteFideId "21800537"]
[BlackFideId "113190"]
[WhiteElo "2302"]
[BlackElo "2247"]
[Result "1/2-1/2"]
[Round "01"]
[TimeControl "180+2"]
[Date "2023.05.16"]
[WhiteClock "0:01:39"]
[BlackClock "0:01:38"]

1. d4 d5 2. c4 c6 3. Nc3 Nf6 4. e3 Bf5 5. Qb3 Qb6 6. cxd5 Qxb3 7. axb3 Nxd5 8. Nxd5 cxd5 9. Nf3 f6 10. Bd2 Nc6 11. Bb5 Bd7 12. O-O e6 13. Ne1 Bd6 14. Nd3 a6 15. Rfc1 Ke7 16. Bxc6 Bxc6 17. Bb4 g5 18. Bxd6+ Kxd6 19. Nc5 h5 20. f3 Rac8 21. Kf2 g4 22. Rc2 e5 23. Rd1 gxf3 24. gxf3 Rcg8 25. Rdc1 h4 1/2-1/2


[Site "https://www.chess.com"]

[Event "Titled Tuesday Blitz May 16 Early 2023"]
[White "Kuchava, Ana"]
[Black "wqws"]
[WhiteFideId "13605348"]
[WhiteElo "2001"]
[BlackElo "2588"]
[Result "0-1"]
[Round "01"]
[TimeControl "180+2"]
[Date "2023.05.16"]
[WhiteClock "0:00:37"]
[BlackClock "0:02:20"]

1. d4 Nf6 2. Nf3 e6 3. c4 d5 4. Nc3 Bb4 5. Qa4+ Nc6 6. e3 O-O 7. Bd3 Ne4 8. Qc2 f5 9. cxd5 exd5 10. O-O Be6 11. a3 Bd6 12. Bd2 g5 13. b4 g4 14. Ne1 Rf6 15. f3 Bxh2+ 16. Kxh2 Rh6+ 17. Kg1 g3 18. Nxe4 Rh1+ 19. Kxh1 Qh4+ 20. Kg1 Qh2# 0-1


[Site "https://www.chess.com"]